 Dungeon Crawl Stone Soup version 0.22-a0-447-gee5f723 (webtiles) character file.

87 nikopol the Firebug (level 4, -1/24 HPs)
             Began as a Deep Elf Fire Elementalist on June 3, 2018.
             Killed from afar by an orc wizard (7 damage)
             ... with a magic dart
             ... on level 3 of the Dungeon.
             The game lasted 00:04:15 (1726 turns).

nikopol the Firebug (Deep Elf Fire Elementalist)    Turns: 1726, Time: 00:04:16

Health: -1/24      AC:  2    Str:  5    XL:     4   Next: 28%
Magic:  1/11       EV: 13    Int: 21    God:
Gold:   126        SH:  0    Dex: 15    Spells: 4/10 levels left

rFire    . . .     SeeInvis .   g - +1 short sword (drain)
rCold    . . .     Gourm    .   (no shield)
rNeg     . . .     Faith    .   a - +0 robe
rPois    .         Spirit   .   (no helmet)
rElec    .         Reflect  .   (no cloak)
rCorr    .         Harm     .   (no gloves)
MR       .....                  (no boots)
Stlth    ++........             (no amulet)
HPRegen  0.08/turn              (no ring)
MPRegen  0.12/turn              (no ring)

@: very slightly contaminated
A: no striking features
a: no special abilities


You were on level 3 of the Dungeon.
You were not hungry.

You visited 1 branch of the dungeon, and saw 3 of its levels.

You collected 126 gold pieces.

Inventory:

Hand Weapons
 e - a +1 dagger of electrocution
 g - a +1 short sword of draining (weapon)
Armour
 a - a +0 robe (worn)
Scrolls
 d - 2 scrolls of teleportation
Potions
 b - a potion of mutation {unknown}
 h - a potion of heal wounds {unknown}
 j - a potion of curing {unknown}
Comestibles
 c - 6 rations


   Skills:
 + Level 2.8 Dodging
 + Level 2.6 Stealth
 + Level 3.8 Spellcasting
 + Level 1.9 Conjurations
 + Level 4.6 Fire Magic


You had 4 spell levels left.
You knew the following spells:

 Your Spells              Type           Power        Failure   Level  Hunger
a - Flame Tongue          Conj/Fire      ###..        3%          1    None
b - Throw Flame           Conj/Fire      ###...       4%          2    #......
c - Conjure Flame         Conj/Fire      ###.....     10%         3    ###....

Your spell library contained the following spells:

 Spells                   Type           Power        Failure   Level  Hunger
 Fireball                 Conj/Fire      ###.......   65%         5    ######.
 Sticky Flame             Conj/Fire      ###.....     30%         4    ####...
 Inner Flame              Hex/Fire       ##......     14%         3    ###....


Dungeon Overview and Level Annotations

Branches:
Dungeon (3/15)

Altars:


Message History

Press: ? - help, Shift-Dir - straight line, f - orc
Aim: an orc, wearing a chain mail The flame tongue hits the orc.
The orc is moderately wounded.
Casting: Flame Tongue (safe; 3% risk of failure)
Confirm with . or Enter, or press ? or * to list all spells.
You don't have enough magic to cast that spell.
Unknown command.
An orc wizard comes into view. It is wielding a dagger.
The orc wizard shouts!
The orc wizard gestures at you while chanting.
The puff of flame hits you! The orc wizard casts a spell at you.
The puff of frost hits you!
Ouch! That really hurt!
* * * LOW HITPOINT WARNING * * *
A bat comes into view.
The orc wizard casts a spell at you. The magic dart hits you!
You die...

#########
####.......#
#.@...o..o.#######
#..###+###......)o#
#.. #..#####)# #b.
#...####.## .#.
+........g# .##?
#...####..# .# #.
#..## #oo# #. #.
#... #..# ..# #..#


You could see an orc wizard, an orc and a bat (sleeping).

Vanquished Creatures
  4 adders
  An ooze (D:2)
  A worm (D:2)
  2 leopard geckos (D:1)
  2 orcs (D:3)
  A giant cockroach (D:2)
  4 goblins (D:1)
  8 hobgoblins
  A jackal (D:1)
  10 kobolds
  5 bats (D:1)
  3 rats
42 creatures vanquished.

Notes
Turn   | Place    | Note
-------+----------+-------------------------------------------
     0 | D:1      | nikopol the Deep Elf Fire Elementalist began the quest for the Orb.
     0 | D:1      | Reached XP level 1. HP: 10/10 MP: 6/6
    85 | D:1      | Reached XP level 2. HP: 15/15 MP: 0/8
   301 | D:1      | Reached skill level 4 in Fire Magic
   835 | D:2      | Reached XP level 3. HP: 19/19 MP: 2/9
   839 | D:2      | Learned a level 2 spell: Throw Flame
   843 | D:2      | Learned a level 3 spell: Conjure Flame
  1357 | D:2      | Reached XP level 4. HP: 24/24 MP: 8/11
  1726 | D:3      | Killed from afar by an orc wizard

Vault maps used:
D:1:      lemuel_arrival_behind_the_door_small, minmay_tree_intersection,
          minmay_heptomino_w4
D:3:      lemuel_doored_altar, first_ration, gup_sewer_entry_bowl

Skill      XL: |  1  2 |
---------------+-------+-----
Fire Magic     | 4 |  4.6
Dodging        | |  2.8
Stealth        | |  2.6
Spellcasting   | |  3.8
Conjurations   | |  1.9

Action                   |  1- 3 |  4- 6 || total
-------------------------+-------+-------++-------
 Cast: Flame Tongue      |    61 |    14 ||    75
       Throw Flame       |     1 |       ||     1
       Conjure Flame     |       |     1 ||     1
  Use: Scroll            |       |     4 ||     4
  Eat: Chunk             |     1 |     1 ||     2
Armor: Robe              |     4 |       ||     4
Dodge: Dodged            |    21 |       ||    21

Table legend:
 A = Spawn XP
 B = Non-spawn XP
 C = Spawn XP percentage of total XP
 D = Spawn monster count
 E = Non-spawn monster count
 F = Spawn count percentage of total count
 G = Total turns spent on level
                    A         B        C        D         E        F      G
               +---------+---------+-------+---------+---------+-------+---------
         Total |       0 |     125 |   0.0 |       0 |      42 |   0.0 |  1726
               +---------+---------+-------+---------+---------+-------+---------
           D:1 |       0 |      40 |   0.0 |       0 |      24 |   0.0 |   829
           D:2 |       0 |      61 |   0.0 |       0 |      12 |   0.0 |   814
           D:3 |       0 |      24 |   0.0 |       0 |       6 |   0.0 |    83
               +---------+---------+-------+---------+---------+-------+---------
